AoeStats
← Xanny

Arena

504006412Analyzed
4v4 RM · 29d ago on Sep 3, 2026· 42m 5s· 8 players
Game mode
Random Map
Map size
Large (8 player)
Population
200
Speed
Normal
Resources
Standard
Victory
Conquest
Starting age
Dark Age
Ending age
Imperial Age
RankedLock teamsTeams togetherTeam positionsShared explorationLock speedFull tech treeHidden civsTurbo modeCheats
Victory
Defeat
🇫🇷 Mongols · France
1452
+10
🇫🇷 Portuguese · France
1437
+10
🇨🇭 Teutons · Switzerland
1279
+17
🇫🇷 Burgundians · France
1066
+27
🇩🇴 Portuguese · Dominican Republic
1353
-18
🇮🇩 Saracens · Indonesia
1308
-16
🇫🇷 Franks · France
1288
-15
🇨🇳 Cumans · China
1278
-15
chewie1706
4:29 Loom
7:41 Feudal Age
8:27 Double-Bit Axe
11:01 Fletching
13:40 Horse Collar
19:38 Wheelbarrow
18:48 Town Watch
23:36 Castle Age
25:37 Heavy Plow
25:48 Bow Saw
25:37 Bodkin Arrow
29:07 Gold Mining
29:09 Stone Mining
39:03 Imperial Age
37:14 Padded Archer Armor
39:54 Leather Archer Armor
40:54 Bracer
42:13 Conscription
AGS.Grimnel
10:50 Feudal Age
15:21 Castle Age
13:54 Horse Collar
14:00 Double-Bit Axe
18:13 Wheelbarrow
21:13 Bow Saw
22:29 Heavy Plow
27:33 Imperial Age
26:19 Hand Cart
25:51 Town Watch
26:12 Loom
27:14 Gold Mining
27:44 Scale Barding Armor
27:49 Forging
28:26 Bloodlines
28:02 Cavalier
29:05 Stone Mining
30:35 Chain Barding Armor
30:50 Iron Casting
30:15 Fletching
33:32 Plate Barding Armor
33:59 Blast Furnace
32:58 Pikeman
33:38 Squires
33:40 Scale Mail Armor
36:44 Chemistry
35:55 Masonry
36:28 Ballistics
36:39 Paladin
37:46 Halberdier
38:44 Chain Mail Armor
43:05 Plate Mail Armor
AGS.Euphiebe
6:26 Double-Bit Axe
8:58 Loom
11:48 Feudal Age
10:16 Horse Collar
16:02 Castle Age
13:50 Horse Collar
15:23 Heavy Plow
15:35 Bow Saw
19:49 Wheelbarrow
20:36 Two-Man Saw
21:20 Crop Rotation
23:34 Gold Mining
23:35 Stone Mining
24:31 Hand Cart
30:49 Imperial Age
28:38 Forging
28:34 Scale Barding Armor
29:16 Gold Shaft Mining
29:16 Stone Shaft Mining
29:51 Iron Casting
29:23 Husbandry
28:44 Cavalier
30:09 Chain Barding Armor
31:31 Murder Holes
32:37 Chemistry
32:57 Blast Furnace
33:39 Plate Barding Armor
33:57 Fortified Wall
34:15 Conscription
34:36 Paladin
39:03 Padded Archer Armor
38:53 Fletching
40:00 Leather Archer Armor
40:13 Ballistics
39:56 Elite Skirmisher
40:38 Bodkin Arrow
41:45 Bracer
AGS.Sylvatica
10:26 Feudal Age
14:29 Castle Age
12:40 Double-Bit Axe
13:02 Horse Collar
16:19 Bow Saw
16:01 Loom
19:02 Town Watch
22:49 Sanctity
23:10 Wheelbarrow
25:10 Fletching
30:40 Imperial Age
28:56 Hand Cart
30:52 Gold Mining
32:55 Chemistry
32:42 Scale Mail Armor
32:04 Pikeman
33:47 Conscription
34:25 Halberdier
36:30 Chain Mail Armor
37:34 Plate Mail Armor
37:42 Forging
38:10 Siege Engineers
38:27 Ballistics
41:01 Elite Skirmisher
41:44 Padded Archer Armor
PoLaiNas
10:18 Feudal Age
9:02 Loom
10:50 Feudal Age
26:00 Castle Age
24:01 Gold Mining
24:52 Fletching
25:02 Double-Bit Axe
25:40 Horse Collar
28:31 Town Watch
32:41 Bow Saw
36:56 Imperial Age
34:55 Bodkin Arrow
36:11 Murder Holes
40:29 Conscription
40:49 Bracer
40:45 Guard Tower
Uethatzuia
10:36 Feudal Age
8:53 Loom
10:39 Feudal Age
16:31 Castle Age
14:51 Double-Bit Axe
17:17 Wheelbarrow
26:13 Hand Cart
29:02 Bow Saw
33:15 Imperial Age
30:59 Scale Barding Armor
31:05 Forging
31:45 Gold Mining
31:46 Stone Mining
32:49 Ballistics
31:59 Light Cavalry
32:43 Husbandry
34:04 Iron Casting
33:49 Chain Barding Armor
33:31 Padded Archer Armor
35:02 Chemistry
34:10 Husbandry
33:31 Cavalier
36:08 Conscription
37:20 Gold Shaft Mining
伟少
9:26 Feudal Age
10:07 Double-Bit Axe
11:23 Horse Collar
17:23 Wheelbarrow
20:49 Castle Age
19:05 Bloodlines
19:05 Gold Mining
19:44 Scale Barding Armor
20:24 Forging
21:33 Heavy Plow
21:44 Bow Saw
22:09 Gold Shaft Mining
22:12 Hand Cart
22:35 Loom
22:36 Town Watch
24:40 Iron Casting
25:50 Town Patrol
29:09 Imperial Age
26:50 Capped Ram
29:18 Cavalier
30:59 Blast Furnace
30:20 Chain Barding Armor
29:52 Siege Ram
32:28 Paladin
34:27 Plate Barding Armor
36:47 Scale Mail Armor
37:21 Steppe Husbandry
37:42 Conscription
38:12 Squires
39:14 Crop Rotation
39:44 Two-Man Saw
38:36 Stone Mining
38:56 Fletching
39:50 Pikeman
40:45 Man-at-Arms
Xanny
10:05 Feudal Age
14:30 Castle Age
12:59 Double-Bit Axe
12:55 Horse Collar
19:04 Bow Saw
21:10 Heavy Plow
22:22 Wheelbarrow
24:21 Hand Cart
29:18 Imperial Age
27:07 Stone Mining
27:08 Gold Mining
28:04 Fletching
28:14 Padded Archer Armor
28:43 Ballistics
28:04 Treadmill Crane
28:31 Loom
29:03 Bodkin Arrow
29:54 Gold Shaft Mining
31:01 Chemistry
30:10 Thumb Ring
30:30 Parthian Tactics
29:26 Heavy Cavalry Archer
30:08 Bracer
31:17 Two-Man Saw
30:48 Leather Archer Armor
32:31 Ring Archer Armor
33:01 Scale Barding Armor
33:06 Forging
34:57 Chain Barding Armor
35:13 Iron Casting
35:31 Conscription
36:28 Town Watch
36:05 Heavy Camel Rider
36:46 Husbandry
36:56 Bloodlines
38:55 Plate Barding Armor
39:20 Blast Furnace
Connection lost

Rejoining the realm…

Still unreachable

The connection could not be restored.

Session expired

The server has moved on; the page needs a fresh start.